 Dungeon Crawl Stone Soup version 0.30-a0-782-ge64f9170bb (webtiles) character file.

Game seed: 5887520222789221984

35 Jane the Ducker (level 3, 0/17 HPs)
             Began as a Felid Chaos Knight on Feb 22, 2023.
             Was a Plaything of Xom.
             Succumbed to an adder's poison
             ... on level 2 of the Dungeon.
             The game lasted 00:03:35 (411 turns).

Jane the Ducker (Felid Chaos Knight)                 Turns: 411, Time: 00:03:35

Health: 0/17       AC:  1    Str:  8    XL:     3   Next: 16%
Magic:  4/4        EV: 19    Int: 13    God:    Xom [..*...]
Gold:   16         SH:  0    Dex: 17    Spells: 2/2 levels left
                                        Lives:  0   Deaths: 0

rFire   . . .      SeeInvis +      - Unarmed
rCold   . . .      Faith    .    (shield unavailable)
rNeg    . . .      Spirit   .    (body armour unavailable)
rPois   .          Reflect  .    (helmet unavailable)
rElec   .          Harm     .    (cloak unavailable)
rCorr   .          Rampage  .    (gloves unavailable)
Will    .....                    (boots unavailable)
Stlth   ++                       (no amulet)
HPRegen 0.22/turn                (no ring)
MPRegen 0.09/turn                (no ring)

@: lethally poisoned (0 -> -5), quick
A: very small, claws 1, fangs 3, see invisible, speed 1, shaggy fur 1, stealthy
paws, no weapons or thrown items, no armour, multi-lived
a: Renounce Religion


You were on level 2 of the Dungeon.
You worshipped Xom.
You were a toy of Xom.
You visited 1 branch of the dungeon, and saw 2 of its levels.

You collected 16 gold pieces.

Inventory:

Scrolls
 b - a scroll of poison {unknown}
Miscellaneous
 a - a piece from Xom's chessboard (15/15) (quivered)


   Skills:
 - Level 3.1 Fighting
 + Level 4.8 Dodging
 + Level 0.8 Stealth
 - Level 3.1 Unarmed Combat


You had 2 spell levels left.
You didn't know any spells.
Your spell library contained the following spells:

 Spells                   Type           Power      Damage    Failure   Level
 Blink                    Tloc           0%         N/A       43%         2
 Cigotuvi's Dreadful Rot  Necr/Pois/Air  0%         N/A       43%         2
 Poisonous Vapours        Pois/Air       0%         N/A       43%         2
 Mephitic Cloud           Conj/Pois/Air  0%         N/A       67%         3
 Manifold Assault         Tloc           0%         N/A       97%         4
 Storm Form               Tmut/Air       0%         N/A       100%        7


Dungeon Overview and Level Annotations

Branches:
Dungeon (1/15)

Altars:


Innate Abilities, Weirdness & Mutations

You have sharp claws.
You have razor-sharp teeth.
You have supernaturally acute eyesight. (SInv)
You cover ground quickly. (Speed+)
You are covered in fur. (AC +1)
Your paws help you pounce on unaware monsters.
You are incapable of wielding weapons or throwing items.
You cannot wear armour.
You gain extra lives every three experience levels.


Message History

The jackal bites you. The bat attacks as you move away!
The bat hits you but does no damage. x2
The jackal misses you. The jackal attacks as you move away!
The jackal barely misses you. The jackal attacks as you move away!
The jackal completely misses you.
You claw the jackal!
You kill the jackal!
The giant cockroach bites you.
You see here a +0 dagger.
You scratch the giant cockroach.
The giant cockroach is severely wounded.
The giant cockroach completely misses you.
You barely miss the giant cockroach.
The giant cockroach is severely wounded.
The giant cockroach bites you.
You scratch the giant cockroach.
You kill the giant cockroach!
The bat completely misses you. The bat misses you.
You scratch the bat but do no damage. The bat hits you but does no damage.
The adder completely misses you. The bat misses you.
The adder barely misses you.
You scratch the bat but do no damage. The bat hits you but does no damage.
The bat closely misses you. The adder bites you.
You are poisoned.
The adder poisons you!
You barely miss the bat.
You feel sick. The bat barely misses you. The adder misses you.
The bat misses you.
You barely miss the bat.
You feel sick. The bat closely misses you. The adder completely misses you.
The adder attacks as you move away! The adder bites you.
* * * LOW HITPOINT WARNING * * *
You are lethally poisoned!
The adder poisons you!
* * * LOW HITPOINT WARNING * * *
You feel sick. The bat closely misses you.
You miss the adder.
You die...
Xom thinks this is hilarious!

#.?........ .
#......... .
#.#####.........
.
#).....S.....#..
. #.#####.##...#
. #######.# ##.#
# # #...h)..#
#.#.#
#.##########.#.#
#h.S@b.........#
############.###
#.# #.# #.# #.#
######'#####
#..........#
#.....†....#


You could see an adder, a jackal and a bat.

Vanquished Creatures
  2 adders (D:2)
  2 endoplasms
  A giant cockroach (D:2)
  3 goblins
  A hobgoblin (D:1)
  A jackal (D:2)
  A frilled lizard (D:2)
  2 kobolds (D:2)
  3 rats (D:2)
16 creatures vanquished.

Notes
Turn   | Place    | Note
-------+----------+-------------------------------------------
     0 | D:1      | Jane the Felid Chaos Knight began the quest for the Orb.
     0 | D:1      | Reached XP level 1. HP: 10/10 MP: 2/2
     6 | D:1      | Noticed a hound
     6 | D:1      | Noticed an anaconda
     6 | D:1      | Noticed a lindwurm
     7 | D:1      | Noticed a snapping turtle
     7 | D:1      | Noticed a swamp drake
    65 | D:1      | XOM: butterfly on damage
   128 | D:1      | You fall into a shaft and drop 1 floor!
   166 | D:2      | XOM: silly message
   205 | D:2      | Reached XP level 2. HP: 11/14 MP: 3/3
   319 | D:2      | Reached skill level 4 in Dodging
   351 | D:2      | Reached XP level 3. HP: 17/17 MP: 4/4
   411 | D:2      | Succumbed to an adder's poison

Illustrated notes

Levels and vault maps discovered:
D:1:      onia_arrival_zoo_common, layout_loops_ring, serial_shops,
          nicolae_lakefront_shop, shapermc_ecumenical_altar_acropolis
D:2:      layout_basic, grunt_ministairs_6

Skill      XL: |  1  2 |
---------------+-------+-----
Dodging        | 4 |  4.8
Fighting       | |  3.1
Stealth        | |  0.8
Unarmed Combat | |  3.1

Action                     || total
---------------------------++-------
  Melee: Unarmed           ||    46
         Bite              ||     1
         Punch             ||     1
   Stab: Sleeping          ||     1
 Armour: Skin              ||     9
  Dodge: Dodged            ||    56

Table legend: (Time is in decaauts)
 A = Elapsed time spent in this place.
 B = Non-inter-level travel time spent in this place.
 C = Inter-level travel time spent in this place.
 D = Time resting spent in this place.
 E = Time spent auto-exploring this place.
 F = Levels seen in this place.
 G = Mean time per level.
                   A        B        C        D        E       F      G
               +--------+--------+--------+--------+--------+-----+--------+
         Total |    336 |    336 |      0 |      0 |     14 |   2 |  168.0 |
       Dungeon |    336 |    336 |      0 |      0 |     14 |   2 |  168.0 |
               +--------+--------+--------+--------+--------+-----+--------+

Top non-repeatable levels by time:
     D:2: 232 daAuts
     D:1: 104 daAuts
